 Dungeon Crawl Stone Soup version 0.30-b1-5-g8e6c1be481 (webtiles) character file.

Game seed: 7765053144170559236

5778 workbot the Cleaver (level 10, -1/79 HPs)
             Began as an Armataur Berserker on May 4, 2023.
             Was a High Priest of Trog.
             Slain by a hornet (3 damage)
             ... on level 9 of the Dungeon.
             The game lasted 00:23:11 (8195 turns).

workbot the Cleaver (Armataur Berserker)            Turns: 8195, Time: 00:23:12

Health: -1/79      AC: 14    Str: 25    XL:     10   Next: 50%
Magic:  25/25      EV:  4    Int:  7    God:    Trog [*****.]
Gold:   4          SH: 10    Dex: 14    Spells: 9/9 levels left

rFire   . . .        e - +1 war axe (flame)
rCold   . . .        g - +0 kite shield
rNeg    + . .        m - +0 plate armour
rPois   .            (helmet restricted)
rElec   .            d - +0 cloak
rCorr   .            (no gloves)
SInv    .            (no barding)
Will    ++...        b
                       - Hermit's Pendant {Faith Invo=14 Evo=0 MP+5} Stlth
                     o - ring of positive energy
HPRegen 0.33/turn    p - +4 ring of protection
MPRegen 0.19/turn

%: roll, faith
@: lethally poisoned (-1 -> -3), slowed, very slow
A: large, rugged brown scales 3, deformed body, armoured tail, roll, long
tongue, awkward tongue, hooves 1, horns 1, agile 1, strong-willed 2
a: Renounce Religion, Berserk, Trog's Hand, Brothers in Arms


You were on level 9 of the Dungeon.
You worshipped Trog.
Trog was extremely pleased with you.
You visited 1 branch of the dungeon, and saw 9 of its levels.

You collected 390 gold pieces.
You spent 386 gold pieces at shops.

Inventory:

Hand Weapons
 e - a +1 war axe of flaming (weapon)
Armour
 d - a +0 cloak (worn)
 g - a +0 kite shield (worn)
 m - a +0 plate armour (worn)
 q - a +1 pair of boots
Jewellery
 b - the Hermit's Pendant (around neck) {Faith Invo=14 Evo=0 MP+5}
   (You found it on level 4 of the Dungeon)

   [amulet of faith]

   Invo=14: It sets your Invocations skill to 14.
   Evo=0: It sets your Evocations skill to 0.
   It allows you to gain divine favour quickly.
   MP:        It affects your magic capacity (+5).
 o - a ring of positive energy (left hand)
 p - a +4 ring of protection (right hand)
Scrolls
 a - a scroll of summoning
 i - a scroll of fear {unknown}
 j - a scroll of magic mapping
 k - 2 scrolls of teleportation
 l - a scroll of poison {unknown}
Potions
 c - a potion of heal wounds
 f - a potion of flight {unknown}
 h - 5 potions of curing
 n - a potion of cancellation {unknown}


   Skills:
 - Level 2.6 Fighting
 + Level 12.1 Axes
 - Level 2.4 Armour
 - Level 1.3 Dodging
 + Level 7.8 Shields


You had 9 spell levels left.
You didn't know any spells.
Your spell library was empty.

Dungeon Overview and Level Annotations

Branches:
Dungeon (9/15)             Temple (0/1) D:6
   Lair: D:8-11         Orc: D:9-12

Altars:
Cheibriados
Fedhas
Nemelex Xobeh
Qazlal
Trog
Uskayaw
Zin
The Shining One

Shops:
D:5 *   D:6 (=((   D:8 ?([

Portals:
Bailey: D:9


Innate Abilities, Weirdness & Mutations

You are completely covered in rugged brown scales. (AC +3, +7% HP)
Armour fits poorly on your strangely shaped body.
You have a long armoured tail.
You roll when moving toward enemies. (Rampage)
Your long tongue fully drains potion bottles. (2x potion effects)
Your tongue gives you trouble enunciating. (1.5x scroll delay)
You have large cloven feet.
You have a pair of small horns on your head.
You are agile. (Dex +4, Str/Int -1)
You are highly strong-willed. (Will++)


Message History

You barely miss the hornet. Your headbutt misses the hornet.
The hornet is moderately wounded.
You feel sick. You block the hornet's attack. The hornet stings you.
You feel as though you will be slow longer.
You slash the hornet! You burn the hornet. Your kick misses the hornet.
Your tail-slap misses the hornet.
The hornet is severely wounded.
You feel sick. The hornet stings you.
You feel as though you will be slow longer.
The hornet stings you!
You are more poisoned.
You feel as though you will be slow longer.
You barely miss the hornet. You tail-slap the hornet.
The hornet is severely wounded.
You feel very sick. The hornet stings you.
* * * LOW HITPOINT WARNING * * *
You feel as though you will be slow longer.
The hornet stings you but does no damage.
You miss the hornet. You kick the hornet, but do no damage.
You headbutt the hornet, but do no damage.
Your tail-slap misses the hornet.
The hornet is severely wounded.
You feel very sick.
The hornet stings you but does no damage. x2
You hit the hornet but do no damage. You kick the hornet.
The hornet is severely wounded.
You feel sick. The hornet stings you.
* * * LOW HITPOINT WARNING * * *
You feel as though you will be slow longer.
The hornet stings you but does no damage.
The hornet stings you!
* * * LOW HITPOINT WARNING * * *
You feel as though you will be slow longer.
You barely miss the hornet. You kick the hornet, but do no damage.
Your headbutt misses the hornet.
Your tail-slap misses the hornet.
The hornet is severely wounded.
* * * LOW HITPOINT WARNING * * *
You feel sick. You block the hornet's attack. The hornet stings you.
You die...

#####################
#....................
#....................
#.................... ##
#...........†........
.###.....######.........
.........# #.@.......
.#######.# #.y....... +#
#.# #......... #.#
#......$.. ..#
#......... ..#
#......... ....
.......).. ....
##....)∩). ######....


You could see a hornet.

Vanquished Creatures
  A two-headed ogre (D:8)
  Joseph (D:8)
  Psyche (D:8)
  A troll (D:9)
  A hornet (D:8)
  Grinder (D:6)
  A vampire (D:8)
  Grum (D:8)
  Duvessa (D:4)
  3 water moccasins
  2 orc warriors (D:8)
  2 black bears
  2 ice beasts
  4 wolves (D:8)
  5 ogres
  2 centaurs
  4 phantoms
  A kobold brigand (D:8)
  Blork the orc (D:4)
  4 bullfrogs
  2 scorpions
  Dowan (D:4)
  3 howler monkeys
  A jelly (D:6)
  A quasit (D:6)
  4 hounds
  4 orc priests
  4 iguanas
  Natasha (thrice) (D:4)
  A gnoll bouda (D:7)
  2 orc wizards
  3 gnolls (D:7)
  2 adders
  2 shadow imps (D:6)
  8 white imps
  An ufetubus (D:6)
  3 worms
  10 dart slugs
  21 orcs
  8 ball pythons
  6 bats
  5 endoplasms
  5 giant cockroaches
  14 goblins
  6 hobgoblins
  7 jackals
  6 quokkas
  2 frilled lizards
  13 kobolds
  6 rats
193 creatures vanquished.

Vanquished Creatures (others)
  4 demonic plants (D:6)
4 creatures vanquished.

Grand Total: 197 creatures vanquished

Notes
Turn   | Place    | Note
-------+----------+-------------------------------------------
     0 | D:1      | workbot the Armataur Berserker began the quest for the Orb.
     0 | D:1      | Reached XP level 1. HP: 19/19 MP: 1/1
    89 | D:1      | Reached skill level 3 in Axes
    89 | D:1      | Reached XP level 2. HP: 26/26 MP: 2/2
   398 | D:1      | Reached ** piety under Trog
   485 | D:1      | Reached XP level 3. HP: 32/32 MP: 3/3
  1942 | D:3      | Reached XP level 4. HP: 39/39 MP: 4/4
  1944 | D:3      | Reached skill level 4 in Axes
  1945 | D:3      | Reached skill level 1 in Shields
  1979 | D:3      | Found a faded altar of an unknown god.
  2041 | D:3      | Found a glowing silver altar of Zin.
  2579 | D:4      | Noticed Blork the orc
  2603 | D:4      | Killed Blork the orc
  2604 | D:4      | Reached XP level 5. HP: 44/44 MP: 5/5
  2645 | D:4      | Noticed Natasha
  2654 | D:4      | Killed Natasha
  2704 | D:4      | Noticed Natasha
  2706 | D:4      | Reached skill level 5 in Axes
  2851 | D:4      | Reached *** piety under Trog
  2975 | D:4      | Killed Natasha
  2976 | D:4      | Reached XP level 6. HP: 22/53 MP: 6/6
  3230 | D:4      | Noticed Dowan
  3231 | D:4      | Noticed Duvessa
  3237 | D:4      | Killed Dowan
  3242 | D:4      | Killed Duvessa
  3243 | D:4      | Reached skill level 6 in Axes
  3243 | D:4      | Reached XP level 7. HP: 56/59 MP: 7/7
  3258 | D:4      | Noticed Natasha
  3265 | D:4      | Killed Natasha
  3286 | D:4      | Gained mutation: You are strong-willed. (Will+) [potion of
                  | mutation]
  3286 | D:4      | Gained mutation: You have large cloven feet. [potion of
                  | mutation]
  3286 | D:4      | Gained mutation: You are highly strong-willed. (Will++)
                  | [potion of mutation]
  3286 | D:4      | Gained mutation: You have a pair of small horns on your
                  | head. [potion of mutation]
  3286 | D:4      | Gained mutation: You are agile. (Dex +4, Str/Int -1)
                  | [potion of mutation]
  3682 | D:4      | Found a faded altar of an unknown god.
  3682 | D:4      | Found the Hermit's Pendant {Faith Invo=14 Evo=0 MP+5}
  3923 | D:5      | Entered Level 5 of the Dungeon
  3972 | D:5      | Found a hide-covered altar of Uskayaw.
  3985 | D:5      | Reached skill level 7 in Axes
  4016 | D:5      | Reached XP level 8. HP: 47/66 MP: 18/18
  4110 | D:5      | Found Dogiwe's General Store.
  4239 | D:5      | Reached skill level 5 in Shields
  4402 | D:5      | Found a snail-covered altar of Cheibriados.
  4507 | D:5      | Found a blossoming altar of Fedhas.
  4735 | D:6      | Reached **** piety under Trog
  4744 | D:6      | Reached skill level 8 in Axes
  4796 | D:6      | Found Plog's Weapon Shop.
  4800 | D:6      | Noticed Grinder
  4807 | D:6      | Killed Grinder
  4824 | D:6      | Found a staircase to the Ecumenical Temple.
  4924 | D:6      | Found Kaxzuaf's Antique Weapon Emporium.
  5236 | D:5      | Bought a +1 war axe of flaming for 199 gold pieces
  5545 | D:6      | Reached skill level 9 in Axes
  5545 | D:6      | Reached XP level 9. HP: 69/72 MP: 19/19
  5601 | D:6      | Found Cusock's Jewellery Emporium.
  5778 | D:6      | Found Obuteceje's Antique Weapon Shop.
  6085 | D:7      | Found a bloodstained altar of Trog.
  6197 | D:7      | Reached skill level 10 in Axes
  6327 | D:7      | Identified the +1 chain mail of Hadjma {*Corrode MP+9 Int-4
                  | Dex+8}
  6862 | D:8      | Found Luex's Antique Armour Shoppe.
  7219 | D:8      | Noticed Joseph
  7234 | D:8      | Killed Joseph
  7281 | D:8      | Noticed Psyche
  7284 | D:8      | Killed Psyche
  7285 | D:8      | Reached skill level 11 in Axes
  7307 | D:8      | Reached XP level 10. HP: 77/79 MP: 20/20
  7361 | D:8      | Found a stormy altar of Qazlal.
  7379 | D:8      | Found Soqaemni's Weapon Boutique.
  7508 | D:8      | Noticed Grum
  7524 | D:8      | Killed Grum
  7644 | D:8      | Noticed a two-headed ogre
  7652 | D:8      | Killed a two-headed ogre
  7808 | D:8      | Found a glowing golden altar of the Shining One.
  7813 | D:8      | Found a sparkling altar of Nemelex Xobeh.
  7851 | D:8      | Found Ruyzih's Magic Scroll Shoppe.
  7958 | D:8      | Bought a pair of glowing boots for 187 gold pieces
  8105 | D:9      | Reached ***** piety under Trog
  8179 | D:9      | Reached skill level 12 in Axes
  8184 | D:9      | Found a flagged portal.
  8194 | D:9      | HP: 3/79 [hornet (12)]
  8195 | D:9      | Slain by a hornet

Illustrated notes

Levels and vault maps discovered:
D:1:      giann_bridges, layout_basic
D:2:      layout_basic, serial_curves, eino_curves_02, eino_curves_04,
          minmay_misc_feat_alley
D:3:      layout_basic, overflow_temple_1_default, basic_ecumenical_altar
D:4:      kennysheep_slugbush, layout_loops_ring,
          hellmonk_guarded_unrand_hermit, uniq_natasha, uniq_duvessa,
          uniq_blork_the_orc
D:5:      layout_cave_pools, cheibriados_altar_1,
          mainiacjoe_overflow_concentric_impassable,
          mainiacjoe_overflow_chevrons, serial_shops, shop
D:6:      layout_loops_ring, minmay_temple_entry_waves, serial_demonic,
          serial_demonic_e, serial_demonic_d, serial_demonic_f,
          serial_demonic_e, serial_shops, nicolae_shop_peninsula,
          nicolae_shop_tiny_waterfront, shop, nicolae_shop_bloodbath_and_beyond,
          minmay_fractal_squares_gapless_5, uniq_grinder
D:7:      layout_loops_ring, lemuel_coloured_pillars_altar
D:8:      layout_cave_pools, mainiacjoe_overflow_paths,
          mainiacjoe_overflow_big_doors, serial_shops,
          nicolae_inconvenience_store, nicolae_shop_rolled_up, shop, uniq_grum,
          uniq_joseph, uniq_psyche
D:9:      layout_irregular_city, enter_bailey_2, nicolae_rejected_hall

Skill      XL: |  1  2  3  4  5  6  7  8  9 10 |
---------------+-------------------------------+-----
Axes           | 3 4 5 6 7 9 11 12 | 12.1
Shields        | 1 2 3 4 6 7 |  7.8
Fighting       | |  2.6
Armour         | |  2.4
Dodging        | |  1.3

Action                     |  1- 3 |  4- 6 |  7- 9 | 10-12 || total
---------------------------+-------+-------+-------+-------++-------
  Melee: Hand axe          |   123 |    92 |   137 |       ||   352
         Tailslap          |    15 |    16 |    28 |     6 ||    65
         Kick              |       |       |    59 |    24 ||    83
         Headbutt          |       |       |    29 |    13 ||    42
         War axe           |       |       |    75 |    64 ||   139
 Invoke: Berserk           |     2 |     2 |     4 |     1 ||     9
         Trog's Hand       |       |       |     2 |     1 ||     3
    Use: Potion            |       |       |     8 |     1 ||     9
         Scroll            |       |       |     7 |     1 ||     8
 Armour: Ring mail         |     4 |       |    18 |       ||    22
         Scale mail        |    54 |    55 |    28 |       ||   137
         Plate armour      |       |       |    20 |    30 ||    50
  Dodge: Dodged            |    23 |    19 |    49 |    10 ||   101
  Block: Kite shield       |    26 |    29 |    67 |    39 ||   161
